 Dungeon Crawl Stone Soup version 0.30-a0-187-gd9c2deaf24 (webtiles) character file.

Game seed: 12238025856319378578

919 Pooter the Slasher (level 7, -5/63 HPs)
             Began as an Armataur Berserker on Oct 3, 2022.
             Was an Elder of Trog.
             Slain by an orc wizard
             ... wielding a +0 flail
              (9 damage)
             ... on level 5 of the Dungeon.
             The game lasted 00:21:30 (4951 turns).

Pooter the Slasher (Armataur Berserker)             Turns: 4951, Time: 00:21:31

Health: -5/63      AC: 10    Str: 24    XL:     7   Next: 83%
Magic:  7/7        EV:  5    Int:  7    God:    Trog [****..]
Gold:   183        SH:  0    Dex: 10    Spells: 6/6 levels left

rFire   . . .      SeeInvis .    a - +0 flail
rCold   . . .      Faith    .    h - orb {mayhem}
rNeg    . . .      Spirit   .    n - +0 plate armour
rPois   .          Reflect  .    (no helmet)
rElec   .          Harm     .    (no cloak)
rCorr   .          Roll     +    (no gloves)
Will    ++...                    (no barding)
Stlth   ..........               (no amulet)
HPRegen 1.30/turn                (no ring)
MPRegen 0.10/turn                (no ring)

@: strong-willed, regenerating
A: large, rugged brown scales 3, deformed body, armoured tail, roll, long
tongue, awkward tongue
a: Renounce Religion, Berserk, Trog's Hand, Brothers in Arms


You were on level 5 of the Dungeon.
You worshipped Trog.
Trog was greatly pleased with you.
You visited 1 branch of the dungeon, and saw 5 of its levels.
You also visited: Ossuary.

You collected 183 gold pieces.

Inventory:

Hand Weapons
 a - a +0 flail (weapon)
   (You took it off a gnoll on level 1 of the Dungeon)
 b - a +0 sling
   (You found it on level 3 of the Dungeon)
 g - a +0 spear
   (You found it on level 2 of the Dungeon)
 j - a +0 falchion
Missiles
 e - 8 boomerangs (quivered)
 Q - 39 stones
Armour
 h - an orb of mayhem (worn)
   (You found it on level 2 of the Dungeon)
 n - a +0 plate armour (worn)
   (You found it on level 1 of the Dungeon)
Jewellery
 l - a ring of ice
   (You found it on level 1 of the Dungeon)
 m - a ring of fire
   (You found it on level 1 of the Dungeon)
Wands
 f - a wand of flame (16)
   (You took it off a goblin on level 4 of the Dungeon)
Scrolls
 k - 2 scrolls of immolation {!r}
 p - a scroll of silence
 t - 2 scrolls of teleportation {@r4}
 u - a scroll of blinking {unknown}
 y - 2 scrolls of amnesia {unknown}
 A - a scroll of enchant armour {unknown}
 B - 2 scrolls of poison {unknown}
Potions
 c - a potion of degeneration {unknown}
 d - a potion of invisibility {unknown}
 i - 3 potions of lignification {unknown}
 o - a potion of heal wounds {unknown}
 q - a potion of brilliance {unknown}
 r - 2 potions of curing {unknown}
 s - 2 potions of magic {unknown}
 v - a potion of berserk rage
 w - 5 potions of mutation {unknown}
 x - 3 potions of flight {unknown}
 z - a potion of attraction {unknown}
 C - 3 potions of cancellation {unknown}


   Skills:
 + Level 4.2 Fighting
 * Level 5.4 Long Blades
 + Level 1.2 Maces & Flails
 * Level 2.1 Ranged Weapons
 + Level 4.9 Armour
 + Level 3.0 Dodging


You had 6 spell levels left.
You didn't know any spells.
Your spell library was empty.

Dungeon Overview and Level Annotations

Branches:
Dungeon (5/15)            Ossuary (visited)
 Temple: D:4-7

Altars:


Innate Abilities, Weirdness & Mutations

You are completely covered in rugged brown scales. (AC +3, +7% HP)
Armour fits poorly on your strangely shaped body.
You have a long armoured tail.
You roll when moving toward enemies. (Rampage)
Your long tongue fully drains potion bottles. (2x potion effects)
Your tongue gives you trouble enunciating. (1.5x scroll delay)


Message History

The orc wizard hits you but does no damage. x3
The orc wizard gestures at you while chanting.
You resist with almost no effort.
You hit the orc wizard.
The orc wizard hits you but does no damage.
The orc wizard barely misses you.
You closely miss the orc wizard. You tail-slap the orc wizard.
The orc wizard hits you but does no damage. x2
You miss the orc wizard. You tail-slap the orc wizard.
You kill the orc wizard!
Trog accepts your kill.
Trog appreciates your killing of a magic user.
The orc wizard flies into a frenzy!
The orc wizard barely misses you.
The orc wizard hits you with a +0 flail.
You closely miss the orc wizard.
The orc wizard hits you but does no damage.
The orc wizard hits you with a +0 flail!
You miss the orc wizard.
The orc wizard hits you but does no damage.
The orc wizard barely misses you.
You hit the orc wizard but do no damage.
The orc wizard hits you with a +0 flail.
The orc wizard hits you with a +0 flail!
You sock the orc wizard! The orc wizard barely misses you.
The orc wizard hits you but does no damage.
You barely miss the orc wizard.
You tail-slap the orc wizard, but do no damage.
The orc wizard completely misses you.
The orc wizard hits you with a +0 flail!
You barely miss the orc wizard.
The orc wizard hits you with a +0 flail! x2
* * * LOW HITPOINT WARNING * * *
You closely miss the orc wizard.
The orc wizard hits you but does no damage. x2
You closely miss the orc wizard. The orc wizard barely misses you.
The orc wizard hits you with a +0 flail.
* * * LOW HITPOINT WARNING * * *
You closely miss the orc wizard.
The orc wizard hits you with a +0 flail!
* * * LOW HITPOINT WARNING * * *
The orc wizard hits you with a +0 flail.
* * * LOW HITPOINT WARNING * * *
You closely miss the orc wizard.
The orc wizard hits you with a +0 flail.
* * * LOW HITPOINT WARNING * * *
The orc wizard hits you with a +0 flail!
* * * LOW HITPOINT WARNING * * *
You closely miss the orc wizard.
Your tail-slap misses the orc wizard.
The orc wizard hits you with a +0 flail!
You die...

#.......#..#
###.....###..#
#.##...##.##..#
.###'###.###'###..#
...........).......#
..........####..####
................# ..
.......)o.......#
...##.####@........#
##....####.........#
........##..†......#
.........).........#
...................#
+..................#
#..................#
#..................#
#............$.)...#


You could see a neutral orc wizard (fast, strong, insane).

Vanquished Creatures
  Sigmund (D:2)
  2 water moccasin zombies (Ossuary)
  A vampire bat (D:3)
  An orc priest (D:4)
  A hound (D:4)
  A jelly (D:5)
  2 iguanas
  Terence (D:3)
  2 orc wizards
  3 mummies
  2 gnolls
  8 adders
  12 adder zombies (Ossuary)
  2 worms (D:2)
  3 fire bats (D:3)
  13 orcs
  2 spectral bats (D:3)
  2 bat skeletons (D:3)
  A bat zombie (D:3)
  7 endoplasms
  7 giant cockroaches
  6 hobgoblins
  4 jackals
  8 kobolds
  3 quokkas
  5 ball pythons
  18 bats
  A bat simulacrum (D:3)
  4 frilled lizards
  2 gnoll zombies (Ossuary)
  3 goblins
  A goblin zombie (D:5)
  2 hobgoblin zombies
  9 kobold zombies (Ossuary)
  5 orc zombies (Ossuary)
  8 rats
153 creatures vanquished.

Vanquished Creatures (collateral kills)
  A dart slug (D:2)
  An orc (D:4)
  A bat skeleton (D:3)
  2 giant cockroaches (D:1)
5 creatures vanquished.

Vanquished Creatures (others)
  An orc (D:4)
  An endoplasm (D:1)
  A bat (D:3)
  A rat (D:1)
  10 plants (D:2)
14 creatures vanquished.

Grand Total: 172 creatures vanquished

Notes
Turn   | Place    | Note
-------+----------+-------------------------------------------
     0 | D:1      | Pooter the Armataur Berserker began the quest for the Orb.
     0 | D:1      | Reached XP level 1. HP: 19/19 MP: 1/1
     1 | D:1      | Found a runed translucent door.
    85 | D:1      | You fall into a shaft and drop 1 floor!
    93 | D:2      | Reached skill level 3 in Long Blades
    93 | D:2      | Reached XP level 2. HP: 26/26 MP: 2/2
   393 | D:2      | Reached XP level 3. HP: 28/32 MP: 3/3
   554 | D:1      | Reached ** piety under Trog
  1218 | D:1      | Reached XP level 4. HP: 37/40 MP: 4/4
  1956 | D:2      | Noticed Sigmund
  1973 | D:2      | Killed Sigmund
  1974 | D:2      | Reached skill level 4 in Long Blades
  1974 | D:2      | Reached XP level 5. HP: 49/49 MP: 5/5
  1974 | D:2      | Reached XP level 6. HP: 55/55 MP: 6/6
  2093 | D:3      | Noticed Terence
  2096 | D:3      | Killed Terence
  3037 | D:3      | Found a faded altar of an unknown god.
  3128 | D:3      | Reached *** piety under Trog
  3483 | D:4      | Reached skill level 1 in Ranged Weapons
  3483 | D:4      | Reached XP level 7. HP: 61/62 MP: 7/7
  3673 | D:4      | Reached skill level 5 in Long Blades
  4297 | D:5      | Entered Level 5 of the Dungeon
  4318 | D:5      | Found a sand-covered staircase.
  4493 | Ossuary  | Entered an ossuary
  4532 | Ossuary  | Reached **** piety under Trog
  4755 | Ossuary  | Reached skill level 1 in Maces & Flails
  4950 | D:5      | HP: 2/63 [orc wizard/+0 flail (9)]
  4951 | D:5      | Slain by an orc wizard

Illustrated notes

Levels and vault maps discovered:
D:1:      dpeg_arrival_caged_fury, layout_basic, interstate_on_off,
          serial_bayou_pond_d, minmay_hexomino_c4
D:2:      layout_rooms, serial_bayou, serial_bayou_lagoon_a,
          serial_bayou_pond_b, serial_bayou_pond_d, serial_bayou_pond_b,
          cheibrodos_gnoll_hut, uniq_sigmund
D:3:      layout_loops_corners, basic_ecumenical_altar, serial_co_window_serial,
          co_window_of_opportunity_a, co_window_paths_a, co_window_paths_a,
          co_window_corner_a, co_window_paths_a, co_window_corner_b,
          co_window_unsneaky_path_d, co_window_corner_b,
          co_window_unsneaky_path_e, co_window_paths_c, co_window_corner_ca,
          goddamned_bats, uniq_terence
D:4:      cheibrodos_pilgrimage, layout_loops_ring
D:5:      layout_basic, mainiacjoe_overflow_alcove_1, minmay_temple_entry_mist,
          nicolae_ossuary_entry_giza

Skill      XL: |  1  2  3  4  5  6  7 |
---------------+----------------------+-----
Long Blades    | 3 4 5 |  5.4
Fighting       | 3 4 |  4.2
Armour         | 3 4 |  4.9
Dodging        | 2 3 |  3.0
Ranged Weapons | 1 2 |  2.1
Maces & Flails | 1 |  1.2

Action                   |  1- 3 |  4- 6 |  7- 9 || total
-------------------------+-------+-------+-------++-------
Melee: Falchion          |    65 |       |       ||    65
       Tailslap          |    11 |    11 |    29 ||    51
       Flail             |    33 |   184 |   180 ||   397
 Fire: Sling             |       |       |     2 ||     2
Throw: Boomerang         |     5 |     3 |     2 ||    10
Invok: Berserk           |     2 |     3 |     7 ||    12
       Trog's Hand       |       |       |     1 ||     1
  Use: Scroll            |       |     3 |       ||     3
 Stab: Sleeping          |     1 |       |       ||     1
Armor: Animal skin       |    42 |       |       ||    42
       Plate armour      |       |   260 |   127 ||   387
Dodge: Dodged            |    41 |    95 |    59 ||   195

Table legend: (Time is in decaauts)
 A = Elapsed time spent in this place.
 B = Non-inter-level travel time spent in this place.
 C = Inter-level travel time spent in this place.
 D = Time resting spent in this place.
 E = Time spent auto-exploring this place.
 F = Levels seen in this place.
 G = Mean time per level.
                   A        B        C        D        E       F      G
               +--------+--------+--------+--------+--------+-----+--------+
         Total |   5221 |   5101 |    120 |   1166 |   2714 |   6 |  870.2 |
       Dungeon |   4778 |   4658 |    120 |    922 |   2700 |   5 |  955.6 |
       Ossuary |    443 |    443 |      0 |    243 |     14 |   1 |  443.0 |
               +--------+--------+--------+--------+--------+-----+--------+

Top non-repeatable levels by time:
     D:3: 1606 daAuts
     D:1: 1104 daAuts
     D:2: 1066 daAuts
     D:4: 700 daAuts
 Ossuary: 443 daAuts
     D:5: 299 daAuts
